[Event "Krakow Championship-A 2022"]
[Site "Krakow"]
[Date "2022.06.26"]
[Round "2.6"]
[White "Gjestemoen-VonHirsch, Andre"]
[Black "Nguyen, Piotr"]
[Result "0-1"]
[ECO "B09"]
[WhiteElo "2236"]
[BlackElo "2402"]
[Annotator "TA"]
[PlyCount "102"]
[EventDate "2022.06.25"]
[EventType "swiss"]
[EventCountry "POL"]
[SourceTitle "playchess.com"]
[Source "ChessBase"]
[SourceQuality "1"]
[TimeControl "40/5400+30:1800+30"]

1. e4 d6 2. d4 g6 3. Nc3 Bg7 4. f4 Nf6 5. Nf3 O-O 6. Bd3 Na6 7. O-O c5 8. d5 Bg4 $1 {[%emt 0:00:04] 8...Bg4 is better than 8...Rb8.} 9. Qe1 (9. Bxa6 $14 bxa6 10. h3 Bxf3 11. Qxf3) 9... Nb4 $11 {[%emt 0:00:53][%cal Oc5c4] B09: Pirc Defence: Austrian Attack.} 10. Qh4 c4 11. Bxc4 {[%emt 0:00:40] Black must now prevent Bb3.} Nxc2 {[%emt 0:00:33] The position is equal.} 12. Rb1 Bxf3 13. Rxf3 {[%emt 0:01:35] [#]} Qb6+ $146 ({Predecessor:} 13... Rc8 14. Bf1 Qb6+ 15. Kh1 h5 16. h3 Nd4 17. Rd3 Rxc3 18. Rxc3 Nxe4 19. Rc4 Nf5 20. Qe1 Bd4 21. g4 Bf2 {0-1 (21) Gudyev,M (2537)-Echeguren,G (2567) Brazil 1999}) 14. Kh1 Rfc8 $36 {[%emt 0:04:52][%cal Bf8c8,Bc8c4,Bc4c7,Bc7e7][%mdl 2080] Black has the initiative.} 15. b3 {[%emt 0:12:59] [#]} Nxe4 $1 16. Nxe4 Rxc4 $1 17. Qxe7 (17. f5 $1 $11 Qd4 18. Bf4 Qxe4 19. fxg6 (19. bxc4 Nd4 $15)) 17... Rc7 ({Don't play} 17... Qd4 $6 18. Ng3 Qb6 19. bxc4 $11) 18. Qxd6 Qxd6 19. Nxd6 Rd8 20. Nc4 Rxd5 21. Rf1 {[%emt 0:02:11][%cal Of4f5] Inhibits Rd1.} Re7 {[%emt 0:04:28] 0x0.0022fc2d4041dp-1022s more active pieces.} 22. Bb2 Re2 23. Bxg7 Kxg7 24. Rb2 b5 $1 25. Ne5 Nd4 (25... g5 $1 $17 {White should prevent ...f6.} 26. h3 Nd4) 26. Rxe2 Nxe2 {[%emt 0:00:04][%mdl 4096] Endgame KRN-KRN} 27. g3 $1 Nc3 28. Rc1 b4 ({Much less strong is} 28... Nxa2 29. Rc7 $14) 29. Rc2 a5 30. Kg2 f6 31. Nc4 Kf7 32. a3 Ke6 33. axb4 axb4 34. Ne3 $2 {[%emt 0:00:40] This move loses the game for White.} (34. Nb2 $11 {and White stays safe.}) 34... Rd3 $19 35. Kf2 Ne4+ 36. Kf3 Nd6 {[%emt 0:00:07] Strongly threatening ...Nf5.} 37. Ke2 Rxb3 38. Rc6 {[%emt 0:00:07] [#]} Kd7 $1 39. Ra6 $2 {[%emt 0:00:47] [#]} (39. Rc2) 39... Ra3 $1 40. Rxa3 bxa3 {[%emt 0:00:05] KN-KN} 41. Kd3 a2 42. Nc2 Ke6 43. Kc3 Kf5 {[%emt 0:01:21] ...Kg4 is the strong threat.} 44. Kb2 Kg4 45. Ne3+ Kh3 46. g4 Kxh2 {[%emt 0:02:20] ( -> ...Kg3)} 47. Nd5 Ne4 {[%emt 0:00:55] Black mates.} 48. Kxa2 Kg3 49. g5 fxg5 50. fxg5 Nxg5 51. Kb2 h5 {[%emt 0:02:28] Weighted Error Value: White=0.73/Black=0.07 (flawless)} 0-1

[Event "Krakow Championship-A 2022"]
[Site "Krakow"]
[Date "2022.06.26"]
[Round "2.7"]
[White "Rozentalis, Eduardas"]
[Black "Kyc, Jerzy"]
[Result "1/2-1/2"]
[ECO "B53"]
[WhiteElo "2523"]
[BlackElo "2213"]
[Annotator "TA"]
[PlyCount "84"]
[EventDate "2022.06.25"]
[EventType "swiss"]
[EventCountry "POL"]
[SourceTitle "playchess.com"]
[Source "ChessBase"]
[SourceQuality "1"]
[TimeControl "40/5400+30:1800+30"]

1. e4 c5 2. Nf3 d6 3. d4 cxd4 4. Qxd4 a6 5. c4 Nc6 6. Qe3 g6 {[%emt 0:00:44] B53: Sicilian: 2...d6: Lines with Qxd4.} 7. Be2 Bg4 8. O-O Bg7 {[%emt 0:00:59] White has an edge.} 9. Rd1 Qa5 {[%emt 0:06:19] [#] Against c5} 10. a3 $146 ({Predecessor:} 10. Bd2 Qc5 11. Qb3 Nf6 12. Nc3 Qb4 13. Qxb4 Nxb4 14. a3 Nc6 15. h3 Bxf3 16. Bxf3 {1-0 (66) Vokhidov,S (2529)-Ibrahimli,M (2436) Chess.com INT 2020}) 10... Nf6 11. b4 Qc7 (11... Nxb4 $2 12. Bd2 $18) 12. Ra2 O-O 13. Bb2 Rfd8 14. Nbd2 Bxf3 15. Qxf3 a5 16. b5 Ne5 17. Qe3 Rac8 18. Bd4 Ned7 {[%emt 0:00:43] Against Bb6} 19. Rc2 e5 20. Bc3 Nc5 21. f3 b6 (21... Ne6 $15) 22. Nf1 (22. Nb1 {feels stronger.}) 22... Na4 $11 23. Bd2 (23. Rdc1 $11 {remains equal.}) 23... d5 $1 $17 24. exd5 Nxd5 {[%emt 0:00:16][%mdl 64] Pin. Pair of Knights!} 25. Qf2 Nf4 26. Be3 (26. Ne3 $17) 26... Rxd1 $19 27. Bxd1 Nc5 (27... Bf8 $19 28. Ng3 f5) 28. Bxc5 $15 Qxc5 29. Qxc5 Rxc5 30. Ne3 Ne6 31. Nd5 Nd4 32. Nxb6 Nxc2 $17 33. Bxc2 $15 {[%emt 0:00:04][%mdl 4096] Endgame [#] KRB-KBN} Bf8 ({Better is} 33... e4 $1 $17 34. Bxe4 Bd4+ 35. Kf1 Rc7) 34. Bd3 Rc7 {[%emt 0:00:41] Strongly threatening ...Bc5+.} 35. Nd5 (35. Kf1 $1 $11) 35... Bc5+ 36. Kf1 {[%emt 0:00:35] [#]} Rb7 (36... Rc8 $1 $17 37. a4 f5) 37. Nf6+ Kf8 38. Be4 Rc7 39. Bc6 ({White should try} 39. Bd5 $15) 39... Bxa3 $17 {[%emt 0:00:26] ...a4 is the strong threat.} 40. Ke2 Be7 (40... Rc8 $17 {Hoping for ...Ke7.} 41. Nd7+ Ke7 42. Nxe5 Bb2) 41. Nd7+ $11 {[%emt 0:30:43] [#]} Rxd7 $1 42. Bxd7 Bc5 {[%emt 0:00:08] Weighted Error Value: White=0.25 (precise) /Black=0.22 (precise)} 1/2-1/2

[Event "Krakow Championship-A 2022"]
[Site "Krakow"]
[Date "2022.06.26"]
[Round "2.8"]
[White "Lim, Zhuo Ren"]
[Black "Kozak, Antoni"]
[Result "0-1"]
[ECO "D43"]
[WhiteElo "2290"]
[BlackElo "2459"]
[Annotator "TA"]
[PlyCount "134"]
[EventDate "2022.06.25"]
[EventType "swiss"]
[EventCountry "POL"]
[SourceTitle "playchess.com"]
[Source "ChessBase"]
[SourceQuality "1"]
[TimeControl "40/5400+30:1800+30"]

1. d4 d5 2. c4 c6 3. Nf3 Nf6 4. Nc3 e6 5. Bg5 h6 6. Bh4 dxc4 7. e4 g5 8. Bg3 b5 9. Ne5 {[%emt 0:00:06] D43: Semi-Slav: 5 Bg5 h6.} Nbd7 {[%emt 0:00:34] 9...Bb7 is not played anymore.} 10. Be2 Bb7 11. O-O {[%emt 0:00:22] The position is equal.} h5 12. Nxd7 Qxd7 13. Be5 Rh6 14. f4 (14. Qc1 $5 ) 14... gxf4 (14... g4 $11) 15. Rxf4 $14 Qe7 {[%emt 0:00:22] [#]} 16. Rf2 $146 ({Predecessor:} 16. Qf1 Nd7 17. Bc7 Rc8 18. Ba5 e5 19. dxe5 Nxe5 20. Rf5 Bg7 21. a3 Kf8 22. Nd1 {0-1 (43) Rietze,C (2341)-Yagupov,I (2349) Police 2018}) 16... b4 (16... O-O-O $11 {remains equal.}) 17. Na4 $1 $16 Nxe4 18. Rf4 f5 (18... c5 $16) 19. Bxh5+ $18 Rxh5 20. Qxh5+ Qf7 21. Qxf7+ (21. Qe2 $1 $18) 21... Kxf7 $11 22. Rxe4 fxe4 23. Rf1+ Kg8 24. Nc5 {[%emt 0:03:12] Inhibits Ba6.} Bxc5 25. dxc5 {[%emt 0:00:04][%mdl 4096] Endgame KRB-KRB} Ba6 26. Rf4 e3 27. Rg4+ Kh7 28. Re4 (28. Rg7+ $11 Kh6 29. Rg3) 28... c3 29. Rxe3 (29. bxc3 $15 Rf8 30. Rf4) 29... Rf8 30. Re1 {[%emt 0:00:29] Prevents Rf1+.} c2 31. b3 Rf5 {[%emt 0:00:57][%cal Of5e5] And now ...Rxe5! would win.} 32. Bd4 e5 33. Be3 Bd3 34. h4 Rf8 35. Kh2 Rg8 {[%emt 0:02:50] Black is more active.} 36. Bd2 Rg4 $1 37. g3 Rd4 38. Rxe5 Bb5 39. Bg5 Rd1 40. h5 c1=Q 41. Re7+ Kg8 42. Bxc1 Rxc1 43. Rxa7 $15 {[%emt 0:01:08] KRB-KR} Be2 44. Rb7 Bxh5 {[%emt 0:00:00] aiming for ...Rc2+.} ({Weaker is} 44... Rxc5 45. Rxb4 Rxh5+ 46. Kg2) 45. Rxb4 Rc2+ 46. Kh3 Rxa2 47. Rb6 (47. g4 $142 Bf7 48. Rb6) 47... Bf3 $17 48. b4 (48. g4 $17) 48... Rb2 $1 $19 49. g4 {[%emt 0:00:00] [#]} Kf7 (49... Rb3 $1 $19 50. Kg3 Be2+ 51. Kf4 Bb5) 50. Kg3 $17 Bd5 51. Kf4 Ke6 52. g5 Kd7 (52... Rb1 $17 53. g6 Kf6) 53. Ke5 $15 Bc4 {[%emt 0:00:00] Hoping for ...Re2+.} 54. g6 $2 (54. Rb7+ $15 Kc8 55. Ra7) 54... Kc7 $19 55. Kd4 Bb5 56. Ke5 Bd3 57. g7 $2 {[%emt 0:01:01] [#]} (57. Kd4 Bxg6 58. Kc3 Rc2+ 59. Kb3) 57... Rg2 $1 58. Kf6 Bc4 {[%emt 0:00:14] Threatens to win with ...Rg1.} 59. b5 cxb5 {[%emt 0:01:38][%cal Bc6b5,Bb5b4,Bb4b3,Bb3b2][%mdl 32] White must now prevent ...Rf2+.} 60. Rd6 Rf2+ (60... Re2 $142 61. Ra6 Ra2) 61. Ke5 Re2+ 62. Kf6 Re8 63. Kf5 Rb8 64. Ke5 b4 65. Kd4 Bg8 66. Rf6 b3 {[%emt 0:00:42] ( -> ...b2)} 67. Kc3 b2 {[%emt 0:00:44] What a bad dream for White.  Weighted Error Value: White=0.58/Black=0.32} 0-1

[Event "Krakow Championship-A 2022"]
[Site "Krakow"]
[Date "2022.06.26"]
[Round "2.9"]
[White "Romanishin, Oleg M"]
[Black "Marszalek, Maciej"]
[Result "1-0"]
[ECO "A05"]
[WhiteElo "2400"]
[BlackElo "2290"]
[Annotator "TA"]
[PlyCount "71"]
[EventDate "2022.06.25"]
[EventType "swiss"]
[EventCountry "POL"]
[SourceTitle "playchess.com"]
[Source "ChessBase"]
[SourceQuality "1"]
[TimeControl "40/5400+30:1800+30"]

1. Nf3 Nf6 2. g3 g6 3. c4 Bg7 4. Bg2 O-O 5. O-O c5 6. d4 d6 7. b3 d5 8. Bb2 dxc4 9. dxc5 {[%emt 0:11:20] has lost popularity (9.bxc4).} Na6 {[%emt 0:07:04] E60: King's Indian: Unusual lines and Fianchetto Variation without Nc3.} 10. Nbd2 Nxc5 11. Nxc4 Be6 {[%emt 0:00:38] White is slightly better.} 12. Rc1 Bh6 {[%emt 0:03:00] [#] Prevents Ng5.} 13. Ncd2 $146 ({Predecessor:} 13. Ra1 Rc8 14. Nfe5 Qc7 15. e3 Rfd8 16. Qe2 Bd5 17. Rfd1 Bxg2 18. Kxg2 Bg7 19. Rac1 Rxd1 20. Rxd1 {½-½ (25) Howell,D (2696)-Jones,G (2682) London 2018}) 13... Rc8 14. b4 Na6 15. a3 Qd7 16. e3 Rxc1 17. Qxc1 Bh3 (17... Rd8 $14) 18. Bxf6 (18. Bxh3 $16 Qxh3 19. Bxf6 exf6 20. Qc3) 18... Bxg2 $11 19. Kxg2 exf6 20. Ne4 Qe6 21. Nc5 Nxc5 22. Qxc5 b6 23. Qc7 Rc8 24. Qxa7 Qc6 {[%emt 0:00:40] [#] Inhibits Qb7. Hoping for ...Ra8.} 25. Rd1 Bf8 26. Qd7 Qa8 27. Rd3 {[%emt 0:01:49] White is more active.} Rc1 (27... Rc2 $16 28. Qd5 Qe8) 28. Qd5 ({White should try} 28. Qb5 $18) 28... Qa6 29. e4 Ra1 $2 {[%emt 0:03:13] [#] Black cannot hold the game after this.} (29... Rc8 $16 30. Qd4 Be7) 30. e5 $18 Rxa3 $2 (30... b5 31. exf6 Qxf6 32. Qxb5 Qe7) 31. Rxa3 Qxa3 32. exf6 {[%emt 0:00:08] KQB-KQN} Qa7 33. Ne5 h6 34. Nxg6 Bxb4 35. Qd8+ Kh7 36. Ne7 {[%emt 0:00:20] Weighted Error Value: White=0.10 (very precise) /Black=0.51} 1-0

[Event "Krakow Championship-A 2022"]
[Site "Krakow"]
[Date "2022.06.26"]
[Round "2.10"]
[White "Szustakowski, Antoni"]
[Black "Murphy, Conor E"]
[Result "1/2-1/2"]
[ECO "A09"]
[WhiteElo "2265"]
[BlackElo "2395"]
[Annotator "TA"]
[PlyCount "164"]
[EventDate "2022.06.25"]
[EventType "swiss"]
[EventCountry "POL"]
[SourceTitle "playchess.com"]
[Source "ChessBase"]
[SourceQuality "1"]
[TimeControl "40/5400+30:1800+30"]

1. Nf3 d5 2. c4 d4 3. g3 c5 4. e3 Nc6 5. exd4 cxd4 6. d3 e6 7. Bg2 Nf6 8. O-O h6 {[%emt 0:03:48] A13: English Opening: 1...e6.} 9. Na3 Bxa3 10. bxa3 O-O (10... e5 11. Re1 $16) 11. Bf4 Ng4 $1 {[%emt 0:01:23] Against Ne5} 12. Bd2 (12. Nxd4 $2 Qxd4 13. Rb1 (13. Qxg4 $2 e5 $19) 13... e5 $19) 12... e5 {[%emt 0:02:11] [#]} 13. Re1 $146 ({Predecessor:} 13. Bb4 Re8 14. Nd2 Nf6 15. Ne4 Nxe4 16. Bxe4 Bh3 17. Re1 Qd7 18. Rb1 Kh8 19. Bd2 {1-0 (44) Vachier Lagrave,M (2758)-Anton Guijarro,D (2673) chess24.com INT 2021}) 13... Re8 14. Rb1 Qc7 15. Rb5 Rb8 ({Black should try} 15... Bd7 $11) 16. h3 $14 Nf6 {[%emt 0:01:08] [#]} 17. Nxe5 $1 Nxe5 {[%emt 0:15:53] [#]} 18. Rbxe5 $1 Rxe5 19. Rxe5 Qxe5 20. Bf4 {[%emt 0:00:07][%mdl 64] Deflection} Qa5 21. Bxb8 Qxa3 22. Be5 Qc3 {[%emt 0:09:52] Against Qd2} 23. g4 b6 24. Qe2 $36 {[%emt 0:06:19][%mdl 2048] White has some pressure.} Be6 $1 25. Bc6 Nh7 {[%emt 0:05:46] [#]} (25... Qb4 $11) 26. f4 (26. Kg2 $1 $16) 26... Nf8 27. f5 Bd7 28. Bg2 {[%emt 0:00:06] This bishop pair is nice.} Ba4 29. Qe4 (29. Bd5 {with more complications.} Qc1+ 30. Kg2 Bd1 31. Qe4) 29... Qa1+ (29... Bc2 $16) 30. Kh2 (30. Bf1 $18 {and White stays clearly on top.}) 30... Qxa2 $16 31. Bxd4 Qd2 32. Be3 (32. Qe5 $16 f6 33. Qe3 Qxe3 34. Bd5+ (34. Bxe3 Nd7 $16) 34... Qe6 35. fxe6) 32... Qe2 $11 33. c5 {[%emt 0:02:40] [#]} Bc6 $1 34. Qxc6 Qxe3 35. cxb6 axb6 {[%emt 0:00:28][%mdl 4096] Endgame KQB-KQN} 36. Qd5 Qf4+ 37. Kg1 Qc1+ 38. Kh2 Qc7+ 39. Kg1 Qc1+ 40. Kh2 Qc7+ 41. Kg1 Nd7 42. d4 ({White should play} 42. Qc6 $11 Qa7 43. Bd5) 42... Kf8 (42... Qc1+ $15 43. Kh2 Nf6) 43. Qa8+ Qb8 44. Qc6 Nf6 45. Qc4 Ne8 46. Kf2 Qd6 47. Ke2 Qg3 48. Qd5 {[%emt 0:00:00] Active counter play!} Nd6 49. Qf3 Qh2 50. Kf2 b5 51. Qe3 (51. Qa8+ $11 Ne8 52. Qa3+ Nd6 53. Qa8+ Ne8 54. Qa3+ Nd6 55. Kf3) 51... Nc4 (51... b4 $5 52. Kf1 h5 $15) 52. Qe4 ({Don't blunder} 52. Qg3 $2 Qxg3+ 53. Kxg3 b4 $19) 52... Qb8 (52... Qd6 {keeps more tension.} 53. Qa8+ Ke7 54. Qb7+ Kf6) 53. Qa8 Qxa8 54. Bxa8 {[%emt 0:00:04] KB-KN} Nb6 55. Bc6 b4 56. Ke2 Ke7 57. Kd2 Kd6 58. Bf3 Nd5 59. Kc2 h5 60. gxh5 {[%emt 0:02:37] Intending Bxd5 and mate.} Ne3+ 61. Kd3 Nxf5 62. Kc4 b3 {[%emt 0:00:42] ...b2 is the strong threat.} 63. Bg4 Nh4 {[%emt 0:01:01] ( -> ...b2)} 64. Kxb3 f5 65. Bd1 Kd5 66. Kc3 f4 67. Kd3 {[%emt 0:00:20] aiming for Bb3+.} f3 68. Bb3+ Kd6 69. Ke4 Ke7 (69... f2 $5 70. Bc4 Ke7 $16) 70. Bc4 {[%emt 0:02:03] Black must now prevent d5.} Kd6 $2 (70... f2 $11) 71. Kf4 $18 ({Not} 71. Ke3 Nf5+ 72. Ke4 (72. Kxf3 Nxd4+ 73. Ke4 Nc6 $16) 72... Nh4 $16) 71... f2 72. Kg4 $2 (72. Bf1 $18 {Kg4 would kill now.} Ke6 73. Ba6) 72... Ng2 $11 {[%emt 0:00:07] Strongly threatening ...Ne3+.} 73. Kf3 $1 {[%emt 0:00:05][%csl LRf2,LRg2] Against Ne3} Ne1+ 74. Kxf2 Nc2 75. d5 {[%emt 0:00:14] Threatens to win with Kf3.} Nb4 $1 {[%emt 0:00:21] The position is equal.} 76. Kf3 {[%emt 0:00:49] Hoping for Kf4.} Nxd5 77. Kg4 {[%emt 0:01:03] White threatens Bxd5 and mate.} Ne3+ 78. Kg5 Nxc4 79. Kg6 Ke7 80. Kxg7 Nd6 81. h6 Nf5+ 82. Kg6 {[%emt 0:00:04] Threatening mate with h7.} Nxh6 {[%emt 0:00:14] Weighted Error Value: White=0.14 (very precise) /Black=0.14 (very precise)} 1/2-1/2

[Event "Krakow Championship-A 2022"]
[Site "Krakow"]
[Date "2022.06.26"]
[Round "2.12"]
[White "Stevik, Patrik jun."]
[Black "Rudolf, Michal"]
[Result "0-1"]
[ECO "A46"]
[WhiteElo "2188"]
[BlackElo "2361"]
[Annotator "TA"]
[PlyCount "96"]
[EventDate "2022.06.25"]
[EventType "swiss"]
[EventCountry "POL"]
[SourceTitle "playchess.com"]
[Source "ChessBase"]
[SourceQuality "1"]
[TimeControl "40/5400+30:1800+30"]

1. d4 Nf6 2. Nf3 e6 3. g3 c5 4. Bg2 Nc6 5. O-O cxd4 6. Nxd4 Bc5 7. Nb3 {[%emt 0:04:39] A46: 1 d4 Nf6 2 Nf3 e6: Torre, London and Colle Systems.} Be7 8. Bf4 (8. e4 $14) 8... d5 $11 9. c4 {[%emt 0:05:40] The position is equal.} dxc4 {[%emt 0:06:44] [#] aiming for ...Qxd1.} 10. N3d2 $146 ({Predecessor:} 10. Qxd8+ Nxd8 11. Na5 Nd5 12. Nxc4 Nxf4 13. gxf4 Bd7 14. Nc3 Rc8 15. Ne5 Bb4 16. Ne4 {½-½ (32) Radjabov,T (2726)-Hou,Y (2663) Shamkir 2016}) 10... Nd5 11. Nxc4 Nxf4 12. Qxd8+ Bxd8 13. gxf4 Bc7 14. e3 Ke7 15. Nc3 Na5 16. Nb5 Nxc4 17. Nxc7 Rb8 18. Nb5 Bd7 19. Nd4 Rhc8 20. Rac1 Nd6 21. Rfd1 f6 22. h3 h6 23. b3 g5 24. fxg5 hxg5 25. f4 Rxc1 26. Rxc1 Rg8 27. Kh2 Rc8 28. Rxc8 Bxc8 {[%emt 0:00:06][%mdl 4096] Endgame KBN-KBN} 29. Kg3 e5 30. fxe5 fxe5 31. Nf3 {[%emt 0:00:55] [#]} (31. Ne2 $11) 31... Ne4+ $1 $17 32. Kh2 Kf6 33. Ne1 {[%emt 0:01:14] [#]} (33. b4 $17) 33... Nc3 $1 $19 34. a3 b6 35. Kg3 Be6 36. b4 Bd7 {[%emt 0:00:16] Against Bc6} ({Black should play} 36... e4 $19 37. Nc2 Ke5) 37. Nd3 {[%emt 0:06:14] Now White is beyond hope.} (37. Ba8 $17) 37... Nb1 38. Nf2 Nxa3 39. Ne4+ Kg6 {[%emt 0:00:23] ...Nc2 is the strong threat.} 40. Nd6 Nb5 41. Nxb5 (41. Ne4) 41... Bxb5 {[%emt 0:30:04] KB-KB} 42. Bd5 a5 43. bxa5 bxa5 {[%emt 0:00:03][%cal Bb6a5,Ba5a4,Ba4a3][%mdl 32] Black mates.} 44. h4 gxh4+ 45. Kxh4 a4 46. Be4+ Kf6 47. Bc2 a3 48. Bb3 Bd7 {[%emt 0:00:00] Weighted Error Value: White=0.45/Black=0.04 (flawless)} 0-1

[Event "Krakow Championship-A 2022"]
[Site "Krakow"]
[Date "2022.06.26"]
[Round "2.13"]
[White "Skytte, Rasmus"]
[Black "Balaji Sekar"]
[Result "1-0"]
[ECO "B22"]
[WhiteElo "2357"]
[BlackElo "1189"]
[Annotator "TA"]
[PlyCount "148"]
[EventDate "2022.06.25"]
[EventType "swiss"]
[EventCountry "POL"]
[SourceTitle "playchess.com"]
[Source "ChessBase"]
[SourceQuality "1"]
[TimeControl "40/5400+30:1800+30"]

1. e4 c5 2. c3 Nf6 3. e5 Nd5 4. Nf3 d6 5. exd6 e6 6. g3 Bxd6 7. Bg2 Nc6 8. O-O O-O 9. d4 cxd4 10. Nxd4 Nxd4 11. Qxd4 Qc7 12. Nd2 {[%emt 0:16:15] 12.c4 might become the main line.} Rd8 {[%emt 0:16:28] B22: Sicilian: 2 c3.} 13. Nb3 {[%emt 0:05:03] [#]} Nf6 $146 ({Predecessor:} 13... b5 14. Bg5 Rd7 15. Qg4 Rb8 16. Rfe1 Bf8 17. Rad1 Bb7 18. Rd4 Re8 19. Red1 g6 20. Qe2 {1-0 (38) Jirovsky,M (2459)-Gross,D (2399) Czech Republic 1999}) 14. Rd1 e5 {[%emt 0:04:25] Inhibits Bf4. The position is equal.} 15. Qh4 Be6 16. Bg5 Be7 17. Bxf6 Bxf6 18. Qb4 Rab8 19. Qc5 Qxc5 20. Nxc5 b6 21. Nxe6 fxe6 22. Be4 Rxd1+ 23. Rxd1 Rd8 {[%emt 0:00:02] Against Rd7} 24. Rxd8+ Bxd8 $14 {[%emt 0:00:01][%mdl 4096] Endgame KB-KB} 25. Kf1 h6 26. Ke2 Kf8 27. Kd3 Be7 ({Black should try} 27... Bg5 $14) 28. Kc4 $1 $16 Bc5 29. f3 Ke7 {[%emt 0:09:46] [#]} 30. Kb5 $1 a5 31. Kc6 Be3 32. a4 Bf2 33. b4 Be3 34. bxa5 bxa5 35. c4 Bd4 36. c5 Be3 37. Bd3 Bd4 38. Ba6 Be3 39. Bc8 Bd4 40. Kb5 Be3 41. c6 ({Much less strong is} 41. Kxa5 Bxc5 42. Kb5 Kd6 $14) 41... Kd6 42. Bd7 Bd4 $2 (42... Kc7 $16 {is more resistant.}) 43. Kxa5 $18 Be3 44. Ka6 Kc7 45. Kb5 Kd6 46. a5 Bg1 47. h3 Bf2 (47... g5 {was necessary.} 48. Bxe6 Bf2) 48. a6 Ba7 49. Kc4 $2 (49. h4 {g4 is the strong threat.} Ke7 50. h5) 49... Bb6 $2 (49... Kc7 {is tougher.} 50. Kb5 (50. Bxe6 Kxc6 51. g4 Bf2 $16) 50... Kd6) 50. Kd3 Bf2 51. Ke4 Ba7 52. Be8 Bc5 53. g4 Ba7 54. Kd3 Bb6 55. Ke2 Ba7 56. Bd7 Bb6 57. Kf1 (57. Kd3 $18 {is more deadly.}) 57... Ba7 {[%emt 0:01:36] [#]} (57... g5 $16 {was called for.} 58. Ke2 Kc7) 58. Kg2 $1 Bb6 59. Kg3 {[%emt 0:00:00] Strongly threatening Kh4.} Be3 $2 (59... Ba7 60. h4 Kc7) 60. Kh4 {[%emt 0:00:00] White is clearly winning.} g6 61. Kg3 Ba7 62. h4 g5 63. h5 {[%emt 0:00:00] And now Kg2 would win.} Bc5 64. Kg2 Ba7 65. Kf1 Bc5 66. Ke2 {[%emt 0:00:35] Hoping for Kd3.} Bb6 67. Kd3 Bc5 68. Ke4 Ba7 69. Be8 Bb8 70. Bf7 {[%emt 0:01:04][%cal Oc6c7] Threatens to win with c7!} Kxc6 71. Bxe6 Kd6 72. Kf5 {[%emt 0:00:21] Intending Ba2 and mate.} Ba7 73. Ba2 Be3 74. Kg6 Ke7 {[%emt 0:00:05] Weighted Error Value: White=0.18 (very precise) /Black=0.40} 1-0

[Event "Krakow Championship-A 2022"]
[Site "Krakow"]
[Date "2022.06.26"]
[Round "2.14"]
[White "Danielyan, Vahe"]
[Black "Torkkola, Henri"]
[Result "1-0"]
[ECO "B13"]
[WhiteElo "2324"]
[BlackElo "2197"]
[Annotator "TA"]
[PlyCount "91"]
[EventDate "2022.06.25"]
[EventType "swiss"]
[EventCountry "POL"]
[SourceTitle "playchess.com"]
[Source "ChessBase"]
[SourceQuality "1"]
[TimeControl "40/5400+30:1800+30"]

1. e4 c6 2. d4 d5 3. exd5 cxd5 4. Bd3 Nc6 5. c3 Qc7 6. Ne2 Bg4 7. O-O {[%emt 0:00:04] B13: Caro-Kann: Exchange Variation and Panov-Botvinnik Attack.} Nf6 8. f3 Bd7 {[%emt 0:01:45] [#]} 9. Qe1 $146 {[%emt 0:02:30] The position is equal.} ({Predecessor:} 9. Bf4 e5 10. dxe5 Nxe5 11. Kh1 Bd6 12. Bc2 O-O-O 13. Nd2 Rhe8 14. Nd4 Nh5 15. Bg5 {½-½ (32) Vasquez Schroder,R (2441)-Santos Latasa,J (2575) chess24.com INT 2020}) 9... e6 10. Bg5 Bd6 11. Bxf6 gxf6 (11... Bxh2+ $2 12. Kh1 gxf6 13. f4 $18) 12. f4 Ne7 13. Nd2 O-O-O 14. Rc1 Kb8 15. b4 Ng6 (15... Qb6 $15) 16. Qf2 $1 $11 e5 {[%emt 0:09:31][%cal Be6e5,Be5e4,Be4d3][%mdl 32] White must now prevent ...e4.} 17. c4 e4 18. c5 $2 ({White should play} 18. cxd5 $11 exd3 19. Rxc7 dxe2 20. Rxb7+ Kxb7 21. Qxe2 Nxf4 22. Qf3) 18... exd3 $17 19. cxd6 Qxd6 20. Nc3 Rhe8 21. Nb3 Bf5 22. Nc5 Re7 (22... b6 $1 $19 23. Nb5 Qxf4) 23. Rcd1 (23. a4 $15) 23... Rde8 ({Better is} 23... b6 24. Nxd3 Qc6) 24. Rd2 (24. Nxd3 $142 Rc8 25. Qd2) 24... h5 (24... Re3 $142 25. a4 b6 26. Na6+ Kb7) 25. a4 Re3 26. a5 h4 $1 27. b5 (27. Rc1 $17) 27... b6 $2 (27... h3 $19 {...hxg2 is the strong threat.} 28. g3 Nf8) 28. axb6 axb6 29. Nb3 (29. Ra2 $11 {and White stays safe.} bxc5 30. Rfa1) 29... R3e7 $2 (29... Qa3 $19 30. Rb1 h3) 30. Ra2 $2 (30. Nc5 $17) 30... Be4 $4 (30... Qb4 $1 $19 {[%cal Rb4c3] and all is fine.} 31. Nxd5 Qxb3 32. Nxe7 Rxe7) 31. f5 $18 {[%emt 0:01:35] White stays focused until the end.} Qb4 $2 (31... Qf4 32. fxg6 (32. Qxf4+ Nxf4 33. Rxf4 Rc8 $16) 32... Qxf2+ 33. Rfxf2 Bxg6 34. Nxd5 Re1+ 35. Rf1 R8e2) 32. Nxe4 Rxe4 33. fxg6 {[%emt 0:00:05][%mdl 64] Discovered Attack} Qxb3 34. gxf7 Rf8 35. Rfa1 Rxf7 36. Ra8+ Kc7 37. R8a7+ Kb8 38. Rxf7 Qc3 {[%emt 0:01:36] [#]} 39. Rfa7 (39. Ra8+ $142 $3 Kxa8 40. Qa2+ Qa5 41. Qxd5+ Kb8 42. Qd8#) 39... f5 40. Ra8+ {[%emt 0:01:06] White mates.} Kc7 41. R1a7+ Kd6 42. Rd8+ Ke6 {[%emt 0:01:40] [#]} 43. Re8+ $1 Kd6 44. Rxe4 dxe4 45. Qf4+ Ke6 46. Qe5# {[%emt 0:00:05] Weighted Error Value: White=0.53/Black=0.67} 1-0